 Dungeon Crawl Stone Soup version 0.31-a0-149-g3fdcc5976a (webtiles) character file.

Game seed: 14644392619781655297

1194 qw the Skirmisher (level 8, 0/71 HPs)
             Began as a Minotaur Hunter on June 7, 2023.
             Slain by an orc wizard
             ... wielding a +0 dagger
              (1 damage)
             ... on level 5 of the Dungeon.
             The game lasted 00:01:40 (3526 turns).

qw the Skirmisher (Minotaur Hunter)                 Turns: 3526, Time: 00:01:40

Health: 0/71       AC:  6    Str: 13 (15) XL:     8   Next: 20%
Magic:  7/7        EV: 11    Int:  4 (6)  God:
Gold:   278        SH:  0    Dex: 14 (17) Spells: 7/7 levels left

rFire   . . .        Y - +1 shortbow
rCold   + . .        (shield currently unavailable)
rNeg    . . .        d - +0 ring mail
rPois   +            (helmet restricted)
rElec   .            (no cloak)
rCorr   .            g - +0 pair of gloves
SInv    .            (no boots)
Will    .....        (no amulet)
Stlth   +            f - ring of poison resistance
HPRegen 0.31/turn    h - ring of protection from cold
MPRegen 0.10/turn

%: no passive effects
@: no status effects
A: horns 2, retaliatory headbutt
a: no special abilities


You were on level 5 of the Dungeon.
You visited 1 branch of the dungeon, and saw 5 of its levels.

You collected 278 gold pieces.


Innate Abilities, Weirdness & Mutations

You have a pair of horns on your head.
You reflexively headbutt those who attack you in melee.


   Skills:
 - Level 6.5 Fighting
 + Level 9.2 Ranged Weapons
 - Level 3.5 Armour
 - Level 3.5 Dodging
 - Level 0.7 Stealth


You had 7 spell levels left.
You didn't know any spells.
Your spell library was empty.

Inventory:

Hand Weapons
 Y - a +1 shortbow (weapon)
Armour
 d - a +0 ring mail (worn)
 g - a +0 pair of gloves (worn)
Jewellery
 e - a ring of ice
 f - a ring of poison resistance (left hand)
 h - a ring of protection from cold (right hand)
 i - a ring of protection from cold
Scrolls
 b - a scroll of identify
 k - a scroll of blinking {unknown}
Potions
 a - a potion of haste {unknown}
 c - a potion of curing {unknown}
 j - a potion of mutation {unknown}
 l - a potion of attraction {unknown}
 n - a potion of might

Dungeon Overview and Level Annotations

Branches:
Dungeon (5/15)
 Temple: D:4-7

Altars:
Fedhas


Message History

The orc priest closely misses you. The dart slug barely misses you.
You shoot an arrow. The arrow hits the orc priest!
You kill the orc priest!
Something hits you but does no damage. The dart slug launches a dart at you.
The slug dart hits you but does no damage.
You shoot an arrow. The arrow hits the dart slug.
The dart slug is moderately wounded.
Something hits you.
You shoot an arrow. The arrow hits the dart slug.
The dart slug is almost dead.
The dart slug bites you but does no damage.
Something hits you. Something hits you but does no damage.
You shoot an arrow. The arrow hits the dart slug.
You kill the dart slug!
Something hits you. x2
You shoot an arrow. Something barely misses you. Something hits you.
You shoot an arrow. Something hits you but does no damage.
You hear some strange, mumbled words.
A magic dart appears from out of thin air!
The magic dart hits you.
You shoot an arrow.
Something hits you but does no damage. x2
You shoot an arrow. Something hits you but does no damage.
You hear some strange, mumbled words.
A magic dart appears from out of thin air!
The magic dart hits you!
You shoot an arrow. Something hits you but does no damage.
You hear some strange, mumbled words.
A puff of flame appears from out of thin air!
The puff of flame hits you!
You shoot an arrow.
Reactivating autopickup.
You feel a bit more experienced. Something hits you.
You die...

#..........#
#.........#
#........# #######
#.....########......
##..................
#.#.###############
##..# ##)## #)@#
#..)## ..$..#.
.[####. . #. #. #.
..


There were no monsters in sight!

Vanquished Creatures
  An oklob plant (D:3)
  A water moccasin (D:4)
  An ice beast (D:5)
  A black bear (D:4)
  A phantom (D:3)
  A scorpion (D:4)
  3 orc priests
  3 iguanas (D:5)
  3 orc wizards
  6 adders
  A shadow imp (D:5)
  5 dart slugs
  9 orcs
  10 ball pythons
  8 endoplasms
  2 giant cockroaches
  5 goblins
  6 hobgoblins
  7 jackals
  6 kobolds
  5 quokkas
  5 bats
  4 frilled lizards
  3 rats
97 creatures vanquished.

Notes
Turn   | Place    | Note
-------+----------+-------------------------------------------
     0 | D:1      | qw the Minotaur Hunter began the quest for the Orb.
     0 | D:1      | Reached XP level 1. HP: 18/18 MP: 0/0
     0 | D:1      | 0 ||| qw: Version: 0.2-a-117-gc6b5c8b
     0 | D:1      | 0 ||| qw: Game counter: 2688
     0 | D:1      | 0 ||| qw: Always use a shield: true
     0 | D:1      | 0 ||| qw: God list: Okawaru
     0 | D:1      | 0 ||| qw: Allow faded altars: false
     0 | D:1      | 0 ||| qw: Do Orc after D:15 true
     0 | D:1      | 0 ||| qw: Do second Lair branch before Depths: true
     0 | D:1      | 0 ||| qw: Lair rune preference: random
     0 | D:1      | 0 ||| qw: Plans: Normal
     0 | D:1      | 0 ||| PLANNING D:1-11
    41 | D:1      | Found a faded altar of an unknown god.
   227 | D:1      | Reached XP level 2. HP: 21/25 MP: 1/1
   262 | D:1      | Reached skill level 5 in Ranged Weapons
   660 | D:1      | 660 ||| READING scroll labelled FIFURA ETAPRAO.
   661 | D:1      | 661 ||| DROPPING scroll of butterflies.
   688 | D:2      | Reached skill level 3 in Fighting
   909 | D:2      | Reached XP level 3. HP: 31/31 MP: 2/2
  1178 | D:2      | 1178 ||| UPGRADING to +0 ring mail.
  1188 | D:2      | 1188 ||| DROPPING +0 leather armour.
  1189 | D:2      | 1189 ||| UPGRADING to +0 pair of gloves.
  1194 | D:2      | 1194 ||| UPGRADING to ring of poison resistance.
  1195 | D:2      | 1195 ||| UPGRADING to ring of protection from cold.
  1196 | D:2      | 1196 ||| READING scroll labelled XOGIKH BIOPA.
  1274 | D:3      | Noticed a phantom
  1282 | D:3      | Killed a phantom
  1283 | D:3      | Reached skill level 3 in Armour
  1283 | D:3      | Reached XP level 4. HP: 22/38 MP: 3/3
  1421 | D:3      | Found a blossoming altar of Fedhas.
  1443 | D:3      | Noticed an oklob plant
  1444 | D:3      | 1444 ||| READING scroll labelled CUAKHL GEAMAAC.
  1514 | D:3      | Killed an oklob plant
  1515 | D:3      | Reached skill level 8 in Ranged Weapons
  1515 | D:3      | Reached XP level 5. HP: 45/45 MP: 4/4
  1515 | D:3      | Reached XP level 6. HP: 51/51 MP: 5/5
  1515 | D:3      | Reached XP level 7. HP: 57/57 MP: 6/6
  2028 | D:3      | 2028 ||| READING scroll labelled ULADGH OKEGIQ.
  2029 | D:3      | 2029 ||| READING scroll labelled EZIFRA IQAERPHI.
  2034 | D:3      | 2034 ||| READING scroll labelled YDAPILYWKE.
  2035 | D:3      | 2035 ||| DRINKING 3 inky potions.
  2042 | D:3      | 2042 ||| DRINKING 2 grey potions.
  2043 | D:3      | 2043 ||| DROPPING 2 potions of ambrosia.
  2200 | D:4      | 2200 ||| Stepping ~*~*~tactically~*~*~ (outnumbered).
  2202 | D:4      | 2202 ||| Stepping ~*~*~tactically~*~*~ (outnumbered).
  2203 | D:4      | 2203 ||| FLEEEEING.
  2204 | D:4      | 2204 ||| FLEEEEING.
  2205 | D:4      | 2205 ||| FLEEEEING.
  2206 | D:4      | 2206 ||| FLEEEEING.
  2207 | D:4      | 2207 ||| FLEEEEING.
  2208 | D:4      | 2208 ||| FLEEEEING.
  2209 | D:4      | 2209 ||| FLEEEEING.
  2210 | D:4      | 2210 ||| FLEEEEING.
  2211 | D:4      | 2211 ||| FLEEEEING.
  2212 | D:4      | 2212 ||| FLEEEEING.
  2213 | D:4      | 2213 ||| FLEEEEING.
  2214 | D:4      | 2214 ||| FLEEEEING.
  2215 | D:4      | 2215 ||| FLEEEEING.
  2216 | D:4      | 2216 ||| FLEEEEING.
  2217 | D:4      | 2217 ||| FLEEEEING.
  2218 | D:4      | 2218 ||| FLEEEEING.
  2252 | D:4      | 2252 ||| FLEEEEING.
  2254 | D:4      | 2254 ||| FLEEEEING.
  2255 | D:4      | 2255 ||| FLEEEEING.
  2256 | D:4      | 2256 ||| FLEEEEING.
  2258 | D:4      | 2258 ||| FLEEEEING.
  2259 | D:4      | 2259 ||| FLEEEEING.
  2260 | D:4      | 2260 ||| FLEEEEING.
  2262 | D:4      | 2262 ||| FLEEEEING.
  2263 | D:4      | 2263 ||| FLEEEEING.
  2264 | D:4      | 2264 ||| FLEEEEING.
  2265 | D:4      | 2265 ||| FLEEEEING.
  2266 | D:4      | 2266 ||| FLEEEEING.
  2267 | D:4      | 2267 ||| FLEEEEING.
  2268 | D:4      | 2268 ||| FLEEEEING.
  2269 | D:4      | 2269 ||| FLEEEEING.
  2270 | D:4      | 2270 ||| FLEEEEING.
  2272 | D:4      | 2272 ||| STAIRDANCE
  2354 | D:4      | 2354 ||| STAIRDANCE
  2467 | D:4      | Reached skill level 3 in Dodging
  2883 | D:4      | 2883 ||| FLEEEEING.
  2911 | D:4      | 2911 ||| Stepping ~*~*~tactically~*~*~ (outnumbered).
  2916 | D:4      | Reached skill level 9 in Ranged Weapons
  3104 | D:4      | 3104 ||| READING scroll labelled QUAHU YVURR.
  3105 | D:4      | 3105 ||| READING scroll labelled PODUIR AZEU.
  3106 | D:4      | 3106 ||| DRINKING 2 sapphire potions.
  3144 | D:4      | 3144 ||| DRINKING 2 emerald potions.
  3145 | D:4      | 3145 ||| DROPPING potion of lignification.
  3146 | D:4      | 3146 ||| DROPPING potion of degeneration.
  3162 | D:5      | Entered Level 5 of the Dungeon
  3172 | D:5      | Reached XP level 8. HP: 69/69 MP: 7/7
  3501 | D:5      | Reached skill level 6 in Fighting
  3524 | D:5      | HP: 8/71 [something/magic dart (10)]
  3525 | D:5      | HP: 1/71 [something/puff of flame (8)]
  3526 | D:5      | Slain by an orc wizard

Levels and vault maps discovered:
D:1:      dpeg_arrival_signposts, layout_loops_cross, basic_ecumenical_altar
D:2:      layout_loops_cross
D:3:      layout_basic, tgw_fedhas, minmay_quadrilaterals
D:4:      layout_basic, serial_glass, glass_columns_b, glass_columns_a,
          glass_columns_a, glass_columns_a, feat_on_display,
          minmay_strange_pillars
D:5:      layout_cave_pods, grunt_temple_overflow_order_and_chaos_1,
          minmay_misc_feat_pillars, minmay_misc_feat_alley

Skill      XL: |  1  2  3  4  5  6  7  8 |
---------------+-------------------------+-----
Ranged Weapons | 5 8 9 |  9.2
Fighting       | 3 5 6 |  6.5
Armour         | 3 |  3.5
Dodging        | 3 |  3.5
Stealth        | |  0.7

Action                     |  1- 3 |  4- 6 |  7- 9 || total
---------------------------+-------+-------+-------++-------
   Fire: Shortbow          |    89 |    78 |   213 ||   380
    Use: Scroll            |     2 |     1 |     5 ||     8
         Potion            |       |       |     4 ||     4
 Armour: Leather armour    |     7 |       |       ||     7
         Ring mail         |     2 |     6 |    61 ||    69
  Dodge: Dodged            |    15 |     6 |    56 ||    77

Table legend:
 A = Non-vault XP
 B = Vault XP
 C = Vault XP percentage of total XP
 D = Non-vault monster count
 E = Vault monster count
 F = Vault count percentage of total count
                 A         B        C        D         E       F
            +---------+---------+-------+---------+---------+-------
      Total |    1155 |     587 |  33.7 |      89 |       8 |   8.2
            +---------+---------+-------+---------+---------+-------
        D:1 |      25 |       0 |   0.0 |      18 |       0 |   0.0
        D:2 |      28 |       0 |   0.0 |      14 |       0 |   0.0
        D:3 |     148 |     587 |  79.9 |      14 |       8 |  36.4
        D:4 |     606 |       0 |   0.0 |      29 |       0 |   0.0
        D:5 |     348 |       0 |   0.0 |      14 |       0 |   0.0
            +---------+---------+-------+---------+---------+-------
